 Dungeon Crawl Stone Soup version 0.24.0-123-gd5b16e6ec5 (webtiles) character file.

Game seed: 4019215933790056442, levelgen mode: deterministic

41 arakdai the Shield-Bearer (level 3, -10/23 HPs)
             Began as a Gargoyle Fighter on Jan 20, 2020.
             Mangled by an ogre
             ... wielding a cursed -1 giant spiked club
              (19 damage)
             ... on level 4 of the Dungeon.
             The game lasted 00:04:42 (877 turns).

arakdai the Shield-Bearer (Gargoyle Fighter)         Turns: 877, Time: 00:04:43

Health: -10/23     AC:  7    Str: 19    XL:     3   Next: 52%
Magic:  3/3        EV:  8    Int:  8    God:
Gold:   97         SH:  9    Dex: 10    Spells: 2/2 levels left

rFire    . . .     SeeInvis .   r - +4 trident
rCold    + . .     Gourm    .   c - +0 shield
rNeg     + . .     Faith    .   s - +0 leather armour {rC+}
rPois    ∞         Spirit   .   (no helmet)
rElec    +         Reflect  .   (no cloak)
rCorr    .         Harm     .   (no gloves)
MR       .....                  k - +0 pair of boots
Stlth    +.........             (no amulet)
HPRegen  0.07/turn              (no ring)
MPRegen  0.08/turn              (no ring)

@: no status effects
A: negative energy resistance 1, electricity resistance, unbreathing,
petrification resistance, rot immunity, AC +3
a: no special abilities


You were on level 4 of the Dungeon.
You were not hungry.

You visited 1 branch of the dungeon, and saw 3 of its levels.

You collected 97 gold pieces.

Inventory:

Hand Weapons
 a - a +0 war axe
 l - a +0 dagger
 m - a +0 mace
 r - a +4 trident (weapon)
Missiles
 e - a throwing net (quivered)
 g - 20 poisoned darts
 j - 2 boomerangs
Armour
 b - a +0 scale mail
 c - a +0 shield (worn)
 k - a +0 pair of boots (worn)
 q - a +0 troll leather armour
 s - a +0 leather armour of cold resistance (worn)
Scrolls
 p - a scroll of random uselessness {unknown}
Potions
 d - a potion of might
 h - 2 potions of curing {unknown}
 i - a potion of haste {unknown}
 n - a potion of ambrosia {unknown}
 o - a potion of flight {unknown}
Comestibles
 f - 5 rations


   Skills:
 + Level 3.4 Fighting
 + Level 2.3 Axes
 + Level 3.7 Armour
 + Level 0.2 Dodging
 + Level 3.9 Shields


You had 2 spell levels left.
You didn't know any spells.
Your spell library was empty.

Dungeon Overview and Level Annotations

Branches:
Dungeon (2/15)

Altars:


Innate Abilities, Weirdness & Mutations

You are resistant to torment.
Your stone body is resilient. (AC +3)
You are immune to poison.
You resist negative energy. (rN+)
You are resistant to electric shocks. (rElec)
You can survive without breathing.
You are immune to petrification.
You are immune to rotting.


Message History

Found 21 stones.
You now have 85 gold pieces (gained 8).
You now have 97 gold pieces (gained 12).
f - 5 rations (gained 1)
You open the door.
There is an open door here.
An ogre comes into view. It is wielding a -1 giant spiked club.
The ogre shouts!
You hit the ogre.
The ogre is lightly wounded.
The ogre hits you with a cursed -1 giant spiked club!
Ouch! That really hurt!
You are too injured to fight recklessly!
You are too injured to fight recklessly!
You are too injured to fight recklessly!
You puncture the ogre!
The ogre is heavily wounded.
The ogre hits you with a cursed -1 giant spiked club!!
Ouch! That really hurt!
You die...

. .. ... ..##+# ...#
#######.###############
......O@..............#
..#####.#############.#
#.# #####'## #.#
#....... #.# #.......
#.# #....... #.#
###..(.... ...
#......... #.#.......


You could see an ogre.

Vanquished Creatures
  An adder (D:2)
  2 dart slugs (D:1)
  A leopard gecko (D:1)
  An orc (D:4)
  A goblin (D:1)
  4 hobgoblins
  4 jackals (D:1)
  6 kobolds
  4 rats (D:1)
24 creatures vanquished.

Notes
Turn   | Place    | Note
-------+----------+-------------------------------------------
     0 | D:1      | arakdai the Gargoyle Fighter began the quest for the Orb.
     0 | D:1      | Reached XP level 1. HP: 14/14 MP: 1/1
    99 | D:1      | Reached XP level 2. HP: 16/19 MP: 2/2
   417 | D:1      | Reached XP level 3. HP: 21/23 MP: 3/3
   683 | D:2      | You fall into a shaft and drop 2 floors!
   873 | D:4      | Noticed an ogre
   877 | D:4      | Mangled by an ogre

Levels and vault maps discovered:
D:1:      lemuel_arrival_muddy, layout_basic
D:2:      wad_pebble_path, layout_rooms, fountainhead,
          minmay_misc_feat_ornament, uniq_natasha
D:4:      layout_basic, kennysheep_mini_moat

Skill      XL: |  1 |
---------------+----+-----
Axes           | 2 |  2.3
Fighting       | |  3.4
Armour         | |  3.7
Dodging        | |  0.2
Shields        | |  3.9

Action                   || total
-------------------------++-------
Melee: War axe           ||    84
       Trident           ||     2
Armor: Scale mail        ||    47
       Troll leather arm ||     1
Dodge: Dodged            ||    24
Block: Shield            ||    42
